 Dungeon Crawl Stone Soup version 0.29.0-4-gdea44cf6ec (webtiles) character file.

Game seed: 13049978210579663226

20598 qw the Cleaver (level 12, -6/77 HPs)
             Began as a Gargoyle Berserker on Sept 7, 2022.
             Was a Priest of Trog.
             Mangled by a 17-headed hydra (9 damage)
             ... on level 4 of the Lair of Beasts.
             The game lasted 00:05:24 (17965 turns).

qw the Cleaver (Gargoyle Berserker)                Turns: 17965, Time: 00:05:25

Health: -6/77      AC: 29    Str: 25    XL:     12   Next: 81%
Magic:  0/12       EV:  6    Int:  9    God:    Trog [***...]
Gold:   564        SH: 10    Dex:  9    Spells: 11/11 levels left

rFire   . . .      SeeInvis +   Y - +0 war axe
rCold   . . .      Faith    .   f - +0 kite shield
rNeg    + . .      Spirit   +   i - +0 plate armour
rPois   inf        Reflect  .   t - +0 helmet
rElec   +          Harm     .   (no cloak)
rCorr   .          Rampage  .   (no gloves)
Will    .....                   a - +0 pair of boots
Stlth   ..........              n - amulet of guardian spirit
HPRegen 0.22/turn               b - +4 ring of protection
MPRegen 0.13/turn               u - ring of see invisible

@: about to teleport, on berserk cooldown, slowed, very slow
A: sickness immunity, AC +8, negative energy resistance 1, electricity
resistance, torment resistance 1, petrification resistance
a: Renounce Religion, Berserk, Trog's Hand


You were on level 4 of the Lair of Beasts.
You worshipped Trog.
Trog was most pleased with you.
You visited 2 branches of the dungeon, and saw 14 of its levels.

You collected 840 gold pieces.
You spent 276 gold pieces at shops.


Innate Abilities, Weirdness & Mutations

You are immune to sickness and miasma.
Your stone body is resilient. (AC +8)
You are immune to poison.
You resist negative energy. (rN+)
You are resistant to electric shocks. (rElec)
You are resistant to unholy torment.
You are immune to petrification.


   Skills:
 - Level 10.0 Fighting
 - Level 13.0 Axes
 - Level 3.1 Throwing
 - Level 9.0 Armour
 - Level 2.0 Dodging
 + Level 10.8 Shields


You had 11 spell levels left.
You didn't know any spells.
Your spell library was empty.

Inventory:

Hand Weapons
 v - a +0 flail
 Y - a +0 war axe (weapon)
Missiles
 g - 7 boomerangs (quivered)
 w - 2 javelins
Armour
 a - a +0 pair of boots (worn)
 f - a +0 kite shield (worn)
 i - a +0 plate armour (worn)
 t - a +0 helmet (worn)
Jewellery
 b - a +4 ring of protection (left hand)
 e - an amulet of regeneration
 k - a ring of ice
 n - an amulet of guardian spirit (around neck)
 o - a ring of positive energy
 u - a ring of see invisible (right hand)
Scrolls
 l - 11 scrolls of identify
 q - 5 scrolls of teleportation
Potions
 c - 2 potions of resistance
 d - a potion of mutation
 h - a potion of haste
 j - 3 potions of might
 m - 2 potions of heal wounds
 p - 8 potions of curing

Dungeon Overview and Level Annotations

Branches:
Dungeon (10/15)            Temple (0/1) D:7            Lair (4/5) D:10
 Shoals (0/4) Lair:3       Spider (0/4) Lair:3
  Slime: Lair:4-5       Orc: D:9-12

Altars:
Cheibriados
Dithmenos
Elyvilon
Fedhas
Gozag
Okawaru
Sif Muna
Uskayaw
Vehumet
Wu Jian
Xom
Yredelemnul
Zin
The Shining One

Shops:
D:4 [   D:9 =

Annotations:
Lair:1 3 runed translucent doors, qw's ghost, journeyman GrBe


Message History

You block the 16-headed hydra's attack. The 16-headed hydra barely misses you.
You block the 16-headed hydra's attack.
The 16-headed hydra bites you but does no damage. x2
You block the 16-headed hydra's attack.
The 16-headed hydra bites you but does no damage. x3
You block the 16-headed hydra's attack. The 16-headed hydra barely misses you.
The 16-headed hydra bites you.
The 16-headed hydra bites you but does no damage.
You slice one of the 16-headed hydra's heads off!
The 15-headed hydra grows two more!
You slash the 17-headed hydra!
The 17-headed hydra is moderately wounded.
You barely miss the blink frog. You block the blink frog's attack.
You block the 17-headed hydra's attack.
The 17-headed hydra bites you but does no damage.
The 17-headed hydra bites you! You block the 17-headed hydra's attack.
The 17-headed hydra bites you but does no damage.
You block the 17-headed hydra's attack. The 17-headed hydra bites you.
The 17-headed hydra bites you but does no damage. x2
The 17-headed hydra bites you! The 17-headed hydra bites you.
The 17-headed hydra bites you but does no damage. x3
The 17-headed hydra bites you.
The 17-headed hydra bites you but does no damage.
The 17-headed hydra bites you.
You barely miss the 17-headed hydra.
The 17-headed hydra is moderately wounded.
You slash the blink frog!
You are no longer berserk.
You are exhausted.
You feel yourself slow down. The blink frog hits your ogre.
The blink frog blinks!
You block the blink frog's attack.
17965 ||| READING 6 scrolls of teleportation.
As you read the scroll of teleportation, it crumbles to dust.
You feel strangely unstable. The blink frog barely misses you.
Your ogre closely misses the blink frog.
The 17-headed hydra bites you but does no damage.
You block the 17-headed hydra's attack. The 17-headed hydra bites you.
You block the 17-headed hydra's attack. The 17-headed hydra bites you!
The 17-headed hydra barely misses you. The 17-headed hydra bites you!
You die...

...... ..#... .......(...
...## .......... ..#.#
.......... ....#
##......... ....#
##....(..... .####
#.#......... ###.##
#...D...... .....###
#####..@....... .......#
#.#...F.%....|. ......##
##......%......
.......###......F.......
#.......#..^.....O......
%%%....P..........ยค.....
..#......P..............
.........##.............
.........P.#..........#


You could see a 17-headed hydra, 2 blink frogs and a friendly ogre (summoned,
berserk).

Vanquished Creatures
  A hydra (Lair:3)
  2 two-headed ogres
  4 black mambas
  5 elephants (Lair:3)
  A merfolk siren (Lair:3)
  Joseph (D:7)
  A komodo dragon (Lair:1)
  6 cane toads
  2 trolls (D:10)
  Prince Ribbit (D:6)
  9 blink frogs
  3 culicivoras (Lair:3)
  17 yaks
  Sigmund (D:5)
  A wraith (D:10)
  A wyvern (Lair:2)
  A shadow (D:10)
  A steam dragon (Lair:3)
  Menkaure (D:7)
  A basilisk (Lair:1)
  14 water moccasins
  4 orc warriors
  3 black bears
  3 sky beasts
  4 centaurs
  5 wolves (Lair:1)
  A phantom (D:4)
  8 bullfrogs
  3 kobold brigands
  A gnoll sergeant (D:9)
  3 scorpions
  6 wights
  8 howler monkeys
  A jelly (D:4)
  4 hounds
  7 orc priests
  5 iguanas
  15 orc wizards
  4 hell rats (Lair:3)
  3 gnolls (D:9)
  9 adders
  3 white imps
  3 ufetubi
  2 worms
  4 dart slugs
  29 orcs
  4 ball pythons
  5 endoplasms
  5 giant cockroaches
  5 goblins
  6 hobgoblins
  5 jackals (D:2)
  16 kobolds
  5 quokkas
  3 bats
  2 frilled lizards (D:1)
  2 rats (D:3)
270 creatures vanquished.

Vanquished Creatures (collateral kills)
  A hydra (Lair:3)
  2 blink frogs (Lair:4)
  A water moccasin (Lair:4)
4 creatures vanquished.

Vanquished Creatures (others)
  A howler monkey (D:9)
  5 fungi
  6 plants
12 creatures vanquished.

Grand Total: 286 creatures vanquished

Notes
Turn   | Place    | Note
-------+----------+-------------------------------------------
     0 | D:1      | qw the Gargoyle Berserker began the quest for the Orb.
     0 | D:1      | Reached XP level 1. HP: 14/14 MP: 1/1
     0 | D:1      | 0 ||| qw: Version: 0.1-a-108-g9e35731
     0 | D:1      | 0 ||| qw: Game counter: 6433
     0 | D:1      | 0 ||| qw: Always use a shield: true
     0 | D:1      | 0 ||| qw: Do Orc after D:15 true
     0 | D:1      | 0 ||| qw: Do second Lair branch before Depths: true
     0 | D:1      | 0 ||| qw: Lair rune preference: random
     0 | D:1      | 0 ||| qw: Plans: Normal
     0 | D:1      | 0 ||| PLANNING D:1-11
   240 | D:1      | Reached skill level 3 in Axes
   269 | D:1      | Found a faded altar of an unknown god.
   300 | D:1      | 300 ||| Stepping ~*~*~tactically~*~*~ (hiding).
   407 | D:1      | 407 ||| Stepping ~*~*~tactically~*~*~ (hiding).
   509 | D:1      | 509 ||| Stepping ~*~*~tactically~*~*~ (hiding).
   510 | D:1      | 510 ||| Stepping ~*~*~tactically~*~*~ (hiding).
   520 | D:1      | Reached XP level 2. HP: 18/19 MP: 2/2
   698 | D:1      | 698 ||| INVOKING Berserk.
   698 | D:1      | HP: 7/28 [hobgoblin (3)]
   885 | D:1      | 885 ||| Stepping ~*~*~tactically~*~*~ (stealth).
  1052 | D:1      | 1052 ||| Stepping ~*~*~tactically~*~*~ (stealth).
  1054 | D:1      | 1054 ||| Stepping ~*~*~tactically~*~*~ (stealth).
  1092 | D:1      | 1092 ||| Stepping ~*~*~tactically~*~*~ (stealth).
  1097 | D:1      | 1097 ||| DROPPING +0 club.
  1100 | D:1      | 1100 ||| Stepping ~*~*~tactically~*~*~ (stealth).
  1102 | D:1      | 1102 ||| Stepping ~*~*~tactically~*~*~ (hiding).
  1355 | D:1      | 1355 ||| UPGRADING to +0 scale mail.
  1365 | D:1      | 1365 ||| DROPPING +0 animal skin.
  1366 | D:1      | 1366 ||| UPGRADING to +0 chain mail.
  1376 | D:1      | 1376 ||| DROPPING +0 scale mail.
  1377 | D:1      | 1377 ||| READING scroll labelled FAES JADAUM.
  1378 | D:1      | 1378 ||| READING scroll labelled FIR VEKLUDU.
  1379 | D:1      | 1379 ||| READING scroll labelled ASECEU ZUDESM.
  1380 | D:1      | 1380 ||| READING 2 scrolls labelled FOLYAS XIGUGE.
  1381 | D:1      | 1381 ||| READING scroll labelled KOESOPHIJO.
  1416 | D:2      | Reached XP level 3. HP: 14/23 MP: 3/3
  2104 | D:2      | 2104 ||| INVOKING Berserk.
  2107 | D:2      | Reached skill level 4 in Axes
  2538 | D:2      | 2538 ||| UPGRADING to +4 ring of protection.
  2539 | D:2      | 2539 ||| DRINKING 2 glowing blue potions.
  2540 | D:2      | 2540 ||| DRINKING 2 fizzy grey potions.
  2541 | D:2      | 2541 ||| READING 2 scrolls of identify.
  2541 | D:2      | 2541 ||| IDENTIFYING fizzy blue potion
  2542 | D:2      | 2542 ||| DROPPING potion of brilliance.
  2543 | D:2      | 2543 ||| DROPPING potion of attraction.
  2711 | D:3      | 2711 ||| INVOKING Berserk.
  2712 | D:3      | 2712 ||| INVOKING Berserk.
  2848 | D:3      | Reached XP level 4. HP: 24/28 MP: 4/4
  2943 | D:3      | 2943 ||| Stepping ~*~*~tactically~*~*~ (stealth).
  3445 | D:3      | 3445 ||| READING scroll labelled ORIER YNEUCK.
  3446 | D:3      | 3446 ||| DRINKING 3 murky ruby potions.
  3551 | D:3      | 3551 ||| READING 3 scrolls of identify.
  3551 | D:3      | 3551 ||| IDENTIFYING dark potion
  3552 | D:3      | 3552 ||| READING 2 scrolls of identify.
  3552 | D:3      | 3552 ||| IDENTIFYING clear potion
  3553 | D:3      | 3553 ||| DROPPING 2 potions of berserk rage.
  3634 | D:4      | 3634 ||| Stepping ~*~*~tactically~*~*~ (hiding).
  3638 | D:4      | 3638 ||| INVOKING Berserk.
  3640 | D:4      | Reached skill level 5 in Axes
  3640 | D:4      | Reached XP level 5. HP: 32/32 MP: 5/5
  3651 | D:4      | HP: 12/48 [orc priest/nerve-wracking pain (1)]
  3874 | D:4      | Found Qodo's Antique Armour Emporium.
  3890 | D:4      | Noticed a black bear
  3894 | D:4      | 3894 ||| INVOKING Berserk.
  3900 | D:4      | Killed a black bear
  3901 | D:4      | Reached XP level 6. HP: 40/40 MP: 6/6
  3992 | D:4      | 3992 ||| Stepping ~*~*~tactically~*~*~ (stealth).
  3993 | D:4      | 3993 ||| Stepping ~*~*~tactically~*~*~ (stealth).
  3995 | D:4      | 3995 ||| INVOKING Berserk.
  4010 | D:4      | Reached ** piety under Trog
  4014 | D:4      | HP: 8/40 [orc priest/+0 whip (3)]
  4015 | D:4      | 4015 ||| READING scroll of teleportation.
  4200 | D:4      | 4200 ||| INVOKING Berserk.
  4343 | D:4      | 4343 ||| Stepping ~*~*~tactically~*~*~ (stealth).
  4356 | D:4      | 4356 ||| Stepping ~*~*~tactically~*~*~ (stealth).
  4381 | D:4      | 4381 ||| Stepping ~*~*~tactically~*~*~ (stealth).
  4392 | D:4      | Reached skill level 6 in Axes
  4392 | D:4      | Reached XP level 7. HP: 23/44 MP: 7/7
  4563 | D:4      | Found a shimmering altar of Xom.
  4707 | D:4      | Found a shadowy altar of Dithmenos.
  4715 | D:4      | Found an opulent altar of Gozag.
  4847 | D:4      | 4847 ||| UPGRADING to +0 pair of boots.
  4852 | D:4      | 4852 ||| UPGRADING to ring of positive energy.
  4853 | D:4      | 4853 ||| READING scroll labelled ZUTURCH ROYQOL.
  4854 | D:4      | 4854 ||| DRINKING 2 fuming yellow potions.
  4871 | D:5      | Entered Level 5 of the Dungeon
  5080 | D:5      | Reached skill level 3 in Armour
  5271 | D:5      | Reached skill level 7 in Axes
  5301 | D:5      | Reached skill level 1 in Throwing
  5434 | D:5      | Found a snail-covered altar of Cheibriados.
  5441 | D:5      | Noticed Sigmund
  5442 | D:5      | 5442 ||| Stepping ~*~*~tactically~*~*~ (hiding).
  5445 | D:5      | 5445 ||| INVOKING Berserk.
  5448 | D:5      | Killed Sigmund
  5449 | D:5      | Reached XP level 8. HP: 49/49 MP: 8/8
  5698 | D:5      | 5698 ||| Stepping ~*~*~tactically~*~*~ (hiding).
  5903 | D:5      | Found a hide-covered altar of Uskayaw.
  5989 | D:5      | 5989 ||| READING 2 scrolls of identify.
  5989 | D:5      | 5989 ||| IDENTIFYING fizzy amethyst potion
  5990 | D:5      | 5990 ||| DROPPING potion of lignification.
  6031 | D:4      | 6031 ||| BUYING glowing scale mail (168 gold).
  6031 | D:4      | Bought a glowing scale mail for 168 gold pieces
  6031 | D:4      | 6031 ||| BUYING helmet (108 gold).
  6031 | D:4      | Bought a helmet for 108 gold pieces
  6031 | D:4      | 6031 ||| UPGRADING to +2 scale mail of cold resistance.
  6041 | D:4      | 6041 ||| UPGRADING to +0 helmet.
  6141 | D:6      | 6141 ||| STAIRDANCE
  6156 | D:6      | 6156 ||| STAIRDANCE
  6158 | D:5      | 6158 ||| INVOKING Berserk.
  6311 | D:6      | 6311 ||| Stepping ~*~*~tactically~*~*~ (stealth).
  6314 | D:6      | 6314 ||| INVOKING Berserk.
  6487 | D:6      | Reached skill level 8 in Axes
  6579 | D:6      | 6579 ||| DROPPING +0 mace.
  6589 | D:6      | Found an ornate altar of the Wu Jian Council.
  6590 | D:6      | Found a basalt altar of Yredelemnul.
  6625 | D:6      | Noticed Prince Ribbit
  6628 | D:6      | 6628 ||| INVOKING Berserk.
  6636 | D:6      | Killed Prince Ribbit
  6637 | D:6      | Reached skill level 6 in Fighting
  6782 | D:6      | 6782 ||| Stepping ~*~*~tactically~*~*~ (hiding).
  6797 | D:6      | 6797 ||| Stepping ~*~*~tactically~*~*~ (stealth).
  6899 | D:6      | Reached *** piety under Trog
  6900 | D:6      | Reached XP level 9. HP: 54/56 MP: 9/9
  7060 | D:6      | Reached skill level 9 in Axes
  7302 | D:6      | 7302 ||| UPGRADING to amulet of guardian spirit.
  7307 | D:6      | 7307 ||| READING scroll labelled DAOVYO WIDUKI.
  7308 | D:6      | 7308 ||| DRINKING 2 viscous amethyst potions.
  7309 | D:6      | 7309 ||| READING 2 scrolls of identify.
  7309 | D:6      | 7309 ||| IDENTIFYING white potion
  7310 | D:6      | 7310 ||| DROPPING potion of flight.
  7346 | D:7      | Noticed Joseph
  7368 | D:7      | 7368 ||| INVOKING Berserk.
  7370 | D:7      | Killed Joseph
  7644 | D:7      | Noticed Menkaure
  7653 | D:7      | 7653 ||| INVOKING Berserk.
  7657 | D:7      | Killed Menkaure
  7860 | D:7      | Found a staircase to the Ecumenical Temple.
  7945 | D:7      | 7945 ||| INVOKING Berserk.
  8177 | D:7      | 8177 ||| DROPPING +0 chain mail.
  8178 | D:7      | 8178 ||| UPGRADING to +0 plate armour.
  8188 | D:7      | 8188 ||| DROPPING +2 scale mail of cold resistance.
  8189 | D:7      | 8189 ||| UPGRADING to ring of see invisible.
  8191 | D:7      | 8191 ||| READING 4 scrolls of identify.
  8191 | D:7      | 8191 ||| IDENTIFYING silvery potion
  8192 | D:7      | 8192 ||| READING 3 scrolls of identify.
  8192 | D:7      | 8192 ||| IDENTIFYING orange potion
  8193 | D:7      | 8193 ||| DROPPING potion of ambrosia.
  8194 | D:7      | 8194 ||| DROPPING potion of invisibility.
  8307 | D:8      | Found a glowing golden altar of the Shining One.
  8309 | D:8      | Found a glowing silver altar of Zin.
  8336 | D:8      | 8336 ||| INVOKING Berserk.
  8523 | D:8      | Found a white marble altar of Elyvilon.
  8723 | D:8      | Found an iron altar of Okawaru.
  8726 | D:8      | 8726 ||| Stepping ~*~*~tactically~*~*~ (hiding).
  8733 | D:8      | 8733 ||| INVOKING Berserk.
  8888 | D:8      | 8888 ||| SWAPPING to +0 war axe.
  8889 | D:8      | 8889 ||| DROPPING +1 hand axe of protection.
  9041 | D:8      | 9041 ||| READING 2 scrolls labelled MUCHAT DONKYLI.
  9042 | D:8      | 9042 ||| READING 3 scrolls of identify.
  9042 | D:8      | 9042 ||| IDENTIFYING golden potion
  9043 | D:8      | 9043 ||| READING 2 scrolls of identify.
  9043 | D:8      | 9043 ||| IDENTIFYING sapphire potion
  9044 | D:8      | 9044 ||| DROPPING scroll of fear.
  9045 | D:8      | 9045 ||| DROPPING potion of magic.
  9102 | D:9      | 9102 ||| Stepping ~*~*~tactically~*~*~ (stealth).
  9105 | D:9      | Noticed a two-headed ogre
  9109 | D:9      | Reached skill level 6 in Armour
  9113 | D:9      | Reached skill level 10 in Axes
  9113 | D:9      | Reached XP level 10. HP: 60/64 MP: 7/10
  9114 | D:9      | 9114 ||| INVOKING Berserk.
  9123 | D:9      | Reached skill level 3 in Throwing
  9127 | D:9      | Killed a two-headed ogre
  9305 | D:9      | Found a radiant altar of Vehumet.
  9372 | D:9      | 9372 ||| INVOKING Berserk.
  9553 | D:9      | 9553 ||| INVOKING Berserk.
  9686 | D:9      | 9686 ||| Stepping ~*~*~tactically~*~*~ (hiding).
  9794 | D:9      | Found Filuib's Jewellery Boutique.
  9800 | D:9      | 9800 ||| SHOPLISTING ring "Kiwothurph" {rElec rF+ Stlth+}
                  | (585 gold, have 273).
  9800 | D:9      | 9800 ||| SHOPLISTING ring of resist corrosion (280 gold,
                  | have 273).
  9800 | D:9      | 9800 ||| SHOPLISTING ring of the Republic {rF+ rC+ rCorr
                  | SInv Stlth-} (613 gold, have 273).
  9800 | D:9      | 9800 ||| SHOPLISTING ring of willpower (350 gold, have
                  | 273).
  9846 | D:9      | 9846 ||| Stepping ~*~*~tactically~*~*~ (stealth).
  9849 | D:9      | 9849 ||| Stepping ~*~*~tactically~*~*~ (hiding).
  9872 | D:9      | 9872 ||| Stepping ~*~*~tactically~*~*~ (stealth).
  9883 | D:9      | 9883 ||| Stepping ~*~*~tactically~*~*~ (stealth).
  9885 | D:9      | 9885 ||| Stepping ~*~*~tactically~*~*~ (hiding).
  9889 | D:9      | 9889 ||| INVOKING Berserk.
  9894 | D:9      | Reached **** piety under Trog
  9910 | D:9      | HP: 15/64 [orc warrior/+0 trident (5)]
  9911 | D:9      | 9911 ||| READING 3 scrolls of teleportation.
  9912 | D:9      | 9912 ||| DRINKING potion of heal wounds.
 10091 | D:9      | 10091 ||| Stepping ~*~*~tactically~*~*~ (hiding).
 10096 | D:9      | 10096 ||| INVOKING Berserk.
 10112 | D:9      | 10112 ||| FLEEEEING.
 10115 | D:9      | 10115 ||| STAIRDANCE
 10217 | D:8      | 10217 ||| UPGRADING to +0 kite shield.
 10222 | D:8      | 10222 ||| READING scroll labelled INNAETOATI.
 10233 | D:9      | 10233 ||| Stepping ~*~*~tactically~*~*~ (stealth).
 10246 | D:9      | Reached skill level 1 in Shields
 10640 | D:9      | Found a shimmering blue altar of Sif Muna.
 10653 | D:9      | 10653 ||| Stepping ~*~*~tactically~*~*~ (hiding).
 10661 | D:9      | 10661 ||| DRINKING 7 potions of curing.
 10661 | D:9      | 10661 ||| (to cure confusion)
 10663 | D:9      | 10663 ||| DRINKING 6 potions of curing.
 10663 | D:9      | 10663 ||| (to cure confusion)
 10783 | D:9      | 10783 ||| READING scroll labelled PEDOIKO XIOBOO.
 10819 | D:10     | Entered Level 10 of the Dungeon
 10833 | D:10     | 10833 ||| Stepping ~*~*~tactically~*~*~ (stealth).
 10834 | D:10     | 10834 ||| INVOKING Berserk.
 10962 | D:10     | Reached skill level 3 in Shields
 11049 | D:10     | Noticed a two-headed ogre
 11053 | D:10     | 11053 ||| INVOKING Berserk.
 11057 | D:10     | Killed a two-headed ogre
 11203 | D:10     | 11203 ||| INVOKING Berserk.
 11356 | D:10     | Reached skill level 6 in Shields
 11356 | D:10     | Reached XP level 11. HP: 47/69 MP: 8/11
 11504 | D:10     | Found a staircase to the Lair.
 11523 | D:10     | 11523 ||| Stepping ~*~*~tactically~*~*~ (hiding).
 11861 | D:10     | Found a blossoming altar of Fedhas.
 11923 | D:10     | 11923 ||| Stepping ~*~*~tactically~*~*~ (stealth).
 11925 | D:10     | 11925 ||| Stepping ~*~*~tactically~*~*~ (hiding).
 11929 | D:10     | 11929 ||| Stepping ~*~*~tactically~*~*~ (hiding).
 11930 | D:10     | 11930 ||| Stepping ~*~*~tactically~*~*~ (hiding).
 12308 | D:10     | 12308 ||| PLANNING LAIR
 12362 | Lair:1   | Entered Level 1 of the Lair of Beasts
 12387 | Lair:1   | Found a runed translucent gate.
 12389 | Lair:1   | Found a runed translucent gate.
 12391 | Lair:1   | Found a runed translucent gate.
 12432 | Lair:1   | 12432 ||| INVOKING Berserk.
 12450 | Lair:1   | 12450 ||| Stepping ~*~*~tactically~*~*~ (stealth).
 12655 | Lair:1   | 12655 ||| INVOKING Berserk.
 12826 | Lair:1   | 12826 ||| INVOKING Berserk.
 13119 | Lair:1   | Noticed qw's ghost (journeyman GrBe)
 13149 | Lair:1   | Reached skill level 9 in Shields
 13395 | Lair:1   | 13395 ||| INVOKING Berserk.
 13397 | Lair:1   | Reached skill level 11 in Axes
 13813 | Lair:1   | Found the +10 dark maul {vorpal}
 13835 | Lair:1   | 13835 ||| READING scroll labelled IMUIDGHYOLL.
 13854 | Lair:2   | 13854 ||| STAIRDANCE
 13885 | Lair:2   | 13885 ||| STAIRDANCE
 13940 | Lair:2   | 13940 ||| INVOKING Berserk.
 13948 | Lair:2   | Reached skill level 9 in Fighting
 13953 | Lair:2   | 13953 ||| STAIRDANCE
 14205 | Lair:2   | 14205 ||| INVOKING Berserk.
 14509 | Lair:2   | 14509 ||| INVOKING Berserk.
 14646 | Lair:2   | 14646 ||| Stepping ~*~*~tactically~*~*~ (stealth).
 14685 | Lair:2   | 14685 ||| Stepping ~*~*~tactically~*~*~ (stealth).
 14699 | Lair:2   | Reached XP level 12. HP: 76/76 MP: 12/12
 15189 | Lair:2   | 15189 ||| Stepping ~*~*~tactically~*~*~ (stealth).
 15194 | Lair:2   | 15194 ||| INVOKING Berserk.
 15205 | Lair:2   | Reached skill level 12 in Axes
 15252 | Lair:2   | 15252 ||| INVOKING Berserk.
 15540 | Lair:2   | 15540 ||| READING scroll labelled LUNUQE TYTSUE.
 15567 | Lair:3   | Noticed a five-headed hydra
 15568 | Lair:3   | 15568 ||| INVOKING Brothers in Arms.
 15570 | Lair:3   | 15570 ||| SWAPPING to +0 flail.
 15571 | Lair:3   | 15571 ||| INVOKING Berserk.
 15573 | Lair:3   | Killed a five-headed hydra
 15579 | Lair:3   | 15579 ||| SWAPPING to +0 war axe.
 15931 | Lair:3   | Found a hole to the Spider Nest.
 16111 | Lair:3   | 16111 ||| INVOKING Berserk.
 16355 | Lair:3   | Found a staircase to the Shoals.
 16381 | Lair:3   | Reached skill level 9 in Armour
 16476 | Lair:3   | 16476 ||| Stepping ~*~*~tactically~*~*~ (stealth).
 16503 | Lair:3   | 16503 ||| INVOKING Berserk.
 16818 | Lair:3   | 16818 ||| INVOKING Berserk.
 16825 | Lair:3   | 16825 ||| Stepping ~*~*~tactically~*~*~ (cloud).
 17303 | Lair:4   | Noticed a four-headed hydra
 17304 | Lair:4   | 17304 ||| STAIRDANCE
 17311 | Lair:4   | 17311 ||| STAIRDANCE
 17313 | Lair:3   | 17313 ||| SWAPPING to +0 flail.
 17314 | Lair:3   | 17314 ||| INVOKING Berserk.
 17322 | Lair:3   | Killed a four-headed hydra
 17356 | Lair:3   | 17356 ||| SWAPPING to +0 war axe.
 17536 | Lair:4   | 17536 ||| STAIRDANCE
 17685 | Lair:4   | 17685 ||| STAIRDANCE
 17745 | Lair:4   | 17745 ||| INVOKING Berserk.
 17856 | Lair:4   | 17856 ||| Stepping ~*~*~tactically~*~*~ (stealth).
 17945 | Lair:4   | Noticed an eight-headed hydra
 17946 | Lair:4   | 17946 ||| INVOKING Brothers in Arms.
 17947 | Lair:4   | 17947 ||| INVOKING Brothers in Arms.
 17948 | Lair:4   | 17948 ||| INVOKING Brothers in Arms.
 17949 | Lair:4   | 17949 ||| INVOKING Berserk.
 17961 | Lair:4   | Reached skill level 13 in Axes
 17963 | Lair:4   | HP: 28/115 [17-headed hydra (4)]
 17965 | Lair:4   | 17965 ||| READING 6 scrolls of teleportation.
 17965 | Lair:4   | HP: 3/77 [17-headed hydra (11)]
 17965 | Lair:4   | Mangled by a 17-headed hydra

Levels and vault maps discovered:
D:1:      nzn_arrival_settlement, layout_basic,
          hellmonk_ecumenical_altar_run_dry, minmay_misc_feat_rugged
D:2:      layout_basic
D:3:      layout_loops_ring, kennysheep_generic_room_2
D:4:      layout_rooms, mainiacjoe_overflow_big_doors, xom_confusion_cloud,
          serial_shops, nicolae_take_the_stairs, interstate_on_off
D:5:      layout_basic, nicolae_overflow_hidden_temple,
          mainiacjoe_overflow_small_starburst, uniq_sigmund
D:6:      layout_basic, chequers_temple_overflow_statue_of_worship,
          uniq_prince_ribbit1
D:7:      layout_rooms, minmay_temple_entry_overgrown, minmay_misc_feat_plants,
          uniq_joseph, uniq_menkaure
D:8:      layout_basic, dreamdust_divine_triumvirate,
          mainiacjoe_overflow_surrounded_room
D:9:      layout_loops_ring, vehumet_crystals, kennysheep_orc_sif_temple,
          serial_shops, shop_statue, chequers_serial_rivers_small_3,
          eino_tiny_chamber
D:10:     layout_long_grid, mainiacjoe_overflow_six_doors_small,
          lair_entry_dummy
Lair:1:   layout_gridlike, gammafunk_ghost_icy
Lair:2:   wander_river, layout_cave_pods, beast_lair_carwin_10
Lair:3:   layout_cave_pods, minmay_shoals_entry_lonely_mermaid,
          hellmonk_spider_entry_life_and_decay
Lair:4:   layout_hall_layers

Skill      XL: |  1  2  3  4  5  6  7  8  9 10 11 12 |
---------------+-------------------------------------+-----
Axes           | 3 4 5 6 7 8 10 11 13 | 13.0
Fighting       | 5 6 7 8 9 10 | 10.0
Armour         | 3 6 7 8 9 |  9.0
Throwing       | 1 2 3 |  3.1
Shields        | 6 10 | 10.8
Dodging        | 2 |  2.0

Action                   |  1- 3 |  4- 6 |  7- 9 | 10-12 || total
-------------------------+-------+-------+-------+-------++-------
Melee: Hand axe          |   124 |   129 |   332 |       ||   585
       Punch             |     2 |     1 |     3 |       ||     6
       War axe           |       |       |    14 |   638 ||   652
       Flail             |       |       |       |    15 ||    15
Throw: Boomerang         |       |    11 |    20 |    16 ||    47
       Javelin           |       |       |    40 |    64 ||   104
Invok: Berserk           |     3 |     4 |     9 |    24 ||    40
       Brothers in Arms  |       |       |       |     2 ||     2
  Use: Scroll            |     6 |     4 |     9 |     6 ||    25
       Potion            |     2 |     1 |     2 |     3 ||     8
 Stab: Distracted        |     1 |       |       |       ||     1
Armor: Animal skin       |    27 |       |       |       ||    27
       Chain mail        |    43 |    72 |    89 |       ||   204
       Scale mail        |       |       |    94 |       ||    94
       Plate armour      |       |       |    35 |   550 ||   585
Dodge: Dodged            |    57 |    52 |   113 |   171 ||   393
Block: Kite shield       |       |       |       |   328 ||   328

Table legend:
 A = Non-vault XP
 B = Vault XP
 C = Vault XP percentage of total XP
 D = Non-vault monster count
 E = Vault monster count
 F = Vault count percentage of total count
                 A         B        C        D         E       F
            +---------+---------+-------+---------+---------+-------
      Total |   25703 |    3724 |  12.7 |     245 |      30 |  10.9
            +---------+---------+-------+---------+---------+-------
        D:1 |      31 |       0 |   0.0 |      16 |       0 |   0.0
        D:2 |      42 |       0 |   0.0 |      13 |       0 |   0.0
        D:3 |      59 |       4 |   6.3 |      13 |       2 |  13.3
        D:4 |     377 |     135 |  26.4 |      21 |      10 |  32.3
        D:5 |     701 |     214 |  23.4 |      19 |       1 |   5.0
        D:6 |     907 |     300 |  24.9 |      18 |       1 |   5.3
        D:7 |     396 |     628 |  61.3 |       4 |       2 |  33.3
        D:8 |     460 |       0 |   0.0 |      17 |       0 |   0.0
        D:9 |    3023 |     198 |   6.1 |      36 |       3 |   7.7
       D:10 |    2567 |       0 |   0.0 |      21 |       0 |   0.0
     Lair:1 |    5029 |       0 |   0.0 |      23 |       0 |   0.0
     Lair:2 |    4057 |    1097 |  21.3 |      16 |       7 |  30.4
     Lair:3 |    5846 |    1148 |  16.4 |      18 |       4 |  18.2
     Lair:4 |    2208 |       0 |   0.0 |      10 |       0 |   0.0
            +---------+---------+-------+---------+---------+-------
